 Dungeon Crawl Stone Soup version 0.21-a0-170-g0398fc9 (webtiles) character file.

72 Farsco the Grave Robber (level 4, 0/31 HPs)
             Began as a Mummy Necromancer on Aug 6, 2017.
             Slain by an adder (1 damage)
             ... on level 3 of the Dungeon.
             The game lasted 00:05:20 (1837 turns).

Farsco the Grave Robber (Mummy Necromancer)         Turns: 1837, Time: 00:05:21

Health: 0/31       AC:  2    Str: 11    XL:     4   Next: 6%
Magic:  1/10       EV: 12    Int: 15    God:
Gold:   138        SH:  0    Dex: 12    Spells: 6/11 levels left

rFire    x . .     SeeInvis .   f - +0 hand axe
rCold    + . .     Gourm    .   (no shield)
rNeg     + + +     Faith    .   a - +0 robe
rPois    ∞         Spirit   .   (no helmet)
rElec    .         Reflect  .   (no cloak)
rCorr    .         Harm     .   (no gloves)
MR       .....                  (no boots)
Stlth    ++........             (no amulet)
HPRegen  0.10/turn              (no ring)
MPRegen  0.12/turn              (no ring)

@: no status effects
A: no food or potions, fire vulnerability, cold resistance 1, negative energy
resistance 3, torment resistance, unbreathing
a: no special abilities


You were on level 3 of the Dungeon.
You were not hungry.

You visited 1 branch of the dungeon, and saw 3 of its levels.

You collected 138 gold pieces.

Inventory:

Hand Weapons
 f - a +0 hand axe (weapon)
Missiles
 k - 25 stones (quivered)
Armour
 a - a +0 robe (worn)
 d - a +0 leather armour
 n - a +0 ring mail
Jewellery
 i - an uncursed amulet of guardian spirit {unknown}
Scrolls
 c - a scroll of fog {unknown}
 e - 4 scrolls of identify {unknown}
 g - a scroll of enchant armour {unknown}
 h - a scroll of blinking
 j - 2 scrolls of immolation {unknown}
 l - a scroll of teleportation {unknown}
 m - a scroll of magic mapping {unknown}
Books
 b - a book of Necromancy

   Spells                             Type                      Level
   a - Pain                           Necromancy                   1
   b - Animate Skeleton               Necromancy                   1
   c - Vampiric Draining              Necromancy                   3
   d - Regeneration                   Charms/Necromancy            3
   e - Animate Dead                   Necromancy                   4
   f - Control Undead                 Necromancy                   4


   Skills:
 * Level 0.8 Fighting
 * Level 1.0 Armour
 + Level 1.5 Dodging
 + Level 1.5 Stealth
 * Level 4.0 Spellcasting
 * Level 4.6 Necromancy


You had 6 spell levels left.
You knew the following spells:

 Your Spells              Type           Power        Failure   Level  Hunger
a - Pain                  Necr           ###.         2%          1    N/A
b - Animate Skeleton      Necr           N/A          2%          1    N/A
c - Vampiric Draining     Necr           ###.......   9%          3    N/A

Dungeon Overview and Level Annotations

Branches:
Dungeon (3/15)

Altars:
Elyvilon


Innate Abilities, Weirdness & Mutations

You do not eat or drink.
Your flesh is vulnerable to fire.
You are immune to poison.
Your flesh is cold resistant. (rC+)
You are immune to negative energy. (rN+++)
You are immune to unholy pain and torment.
You can survive without breathing.


Message History

The adder barely resists.
The adder bites you.
Casting: Pain
Confirm with . or Enter, or press ? or * to list all spells.
Aiming: Pain
Press: ? - help, Shift-Dir - straight line, f/p - adder
Aim: an adder (heavily wounded, chance to defeat MR: 81%)
The adder writhes in agony!
The adder bites you.
* * * LOW HITPOINT WARNING * * *
The adder bites you but does no damage.
You barely miss the adder.
The adder is heavily wounded.
The adder bites you.
* * * LOW HITPOINT WARNING * * *
You completely miss the adder.
The adder is heavily wounded.
The adder barely misses you. The adder bites you but does no damage.
You hit the adder.
The adder is heavily wounded.
The adder bites you.
You die...

######## #......# #......#
#......# #......#
########################......##
..[..........gKS@...............
<....##############.............
###.................####......##
#.####...#############........
#.# ###.....### #.>......## #.#
#####...#####..###.### #.#
###.#......# .# #.# ##...###.##
.# #.# ##..### ..#


You could see an adder, a hobgoblin and a kobold.

Vanquished Creatures
  2 adders
  An ooze (D:1)
  4 leopard geckos
  An orc (D:3)
  A giant cockroach (D:3)
  2 goblins (D:1)
  6 hobgoblins
  A jackal (D:2)
  6 kobolds
  A bat (D:1)
  4 frilled lizards
  10 rats
39 creatures vanquished.

Vanquished Creatures (collateral kills)
  An adder (D:2)
  A jackal (D:2)
2 creatures vanquished.

Grand Total: 41 creatures vanquished

Notes
Turn   | Place    | Note
-------+----------+-------------------------------------------
     0 | D:1      | Farsco the Mummy Necromancer began the quest for the Orb.
     0 | D:1      | Reached XP level 1. HP: 13/13 MP: 4/4
     2 | D:1      | Learned a level 1 spell: Animate Skeleton
   338 | D:1      | Reached XP level 2. HP: 20/20 MP: 3/5
  1280 | D:1      | Reached XP level 3. HP: 19/25 MP: 1/8
  1357 | D:1      | Learned a level 3 spell: Vampiric Draining
  1499 | D:2      | Found a white marble altar of Elyvilon.
  1573 | D:2      | Reached skill level 1 in Armour
  1746 | D:2      | You fall through a shaft!
  1782 | D:3      | Reached XP level 4. HP: 31/31 MP: 3/10
  1835 | D:3      | HP: 1/31 [adder (5)]
  1837 | D:3      | Slain by an adder

Vault maps used:
D:1:      lightli_arrival_noodles, minmay_misc_feat_x, kennysheep_crisscross,
          minmay_misc_feat_tiny
D:2:      elyvilon_altar_4
D:3:      lemuel_crystal_altar, marbit_many_paths, first_bread,
          serial_bayou_pond_b

Skill      XL: |  1  2  3 |
---------------+----------+-----
Spellcasting   | 3 4 |  4.0
Armour         | 1 |  1.0
Fighting       | |  0.8
Dodging        | |  1.5
Stealth        | |  1.5
Necromancy     | |  4.6

Action                   |  1- 3 |  4- 6 || total
-------------------------+-------+-------++-------
Melee: Hand axe          |    11 |     3 ||    14
Throw: Stone             |     9 |     1 ||    10
 Cast: Pain              |    66 |    10 ||    76
       Animate Skeleton  |    18 |       ||    18
  Use: Scroll            |     1 |       ||     1
Armor: Robe              |     3 |     2 ||     5
Dodge: Dodged            |    26 |    20 ||    46
